AoeStats
← 酥凉

Nomad

510330219Analyzed
2v2 RM · 15h ago on Sep 30, 2026· 44m 42s· 4 players
Game mode
Random Map
Map size
176×176
Population
200
Speed
Normal
Resources
Standard
Victory
Conquest
Starting age
Dark Age
Ending age
Imperial Age
RankedLock teamsTeams togetherTeam positionsShared explorationLock speedFull tech treeHidden civsTurbo modeCheats
Victory
Defeat
🇨🇳 Gurjaras · China
1002
+15
🇨🇳 Varangians · China
978
+16
🇧🇪 Inca · Belgium
997
-17
🇪🇸 Lithuanians · Spain
954
-14
LON | Trusttheprocess
4:53 Loom
14:03 Feudal Age
14:37 Double-Bit Axe
15:33 Wheelbarrow
15:01 Gold Mining
15:32 Fishing Lines
21:23 Castle Age
22:53 Bow Saw
23:23 Gold Shaft Mining
22:43 Stone Mining
22:53 Gillnets
24:07 Hand Cart
25:56 Stone Shaft Mining
28:06 Fletching
29:27 Bodkin Arrow
29:52 Town Watch
34:47 Imperial Age
33:32 Medium Warships
34:51 Horse Collar
35:40 Bracer
37:16 Heavy Warships
40:36 Forging
40:27 Scale Mail Armor
43:07 Conscription
43:36 Heavy Plow
44:42 Iron Casting
44:22 Chain Mail Armor
chavezmontoyamar
8:02 Loom
15:32 Feudal Age
20:31 Fishing Lines
25:58 Castle Age
37:22 Imperial Age
TKDanis
11:27 Loom
15:14 Feudal Age
17:16 Double-Bit Axe
19:40 Castle Age
17:50 Horse Collar
20:58 Heavy Plow
21:14 Bow Saw
24:06 Forging
30:11 Iron Casting
37:28 Imperial Age
36:57 Fletching
37:22 Scale Barding Armor
42:07 Bodkin Arrow
43:17 Blast Furnace
43:30 Elite Jarl
酥凉
17:03 Feudal Age
17:33 Loom
21:15 Castle Age
19:16 Double-Bit Axe
19:15 Horse Collar
24:15 Heavy Plow
26:41 Bow Saw
33:46 Wheelbarrow
33:38 Fletching
34:24 Masonry
34:27 Bodkin Arrow
39:19 Imperial Age
37:18 Ballistics
37:15 Medium Warships
38:33 Hand Cart
39:02 Kshatriyas
41:23 Chemistry
40:01 Heavy Camel Rider
40:06 Elite Shrivamsha Rider
41:01 Bloodlines
41:05 Forging
41:01 Scale Barding Armor
41:24 Husbandry
42:50 Iron Casting
42:56 Conscription
45:38 Chain Barding Armor
Connection lost

Rejoining the realm…

Still unreachable

The connection could not be restored.

Session expired

The server has moved on; the page needs a fresh start.